 Dungeon Crawl Stone Soup version 0.28.0-45-g0d030f2227 (webtiles) character file.

Game seed: 16242915411416324691

1029 selver the Slicer (level 8, -6/39 HPs)
             Began as a Spriggan Brigand on Apr 12, 2022.
             Mangled by a gnoll
             ... wielding a +0 whip
              (8 damage)
             ... on level 6 of the Dungeon.
             The game lasted 00:24:56 (7049 turns).

selver the Slicer (Spriggan Brigand)                Turns: 7049, Time: 00:24:57

Health: -6/39      AC:  3    Str:  9    XL:     8   Next: 3%
Magic:  0/9        EV: 16    Int: 13    God:
Gold:   213        SH:  0    Dex: 16    Spells: 7/7 levels left

rFire   + . .      SeeInvis +   a - +2 dagger
rCold   . . .      Faith    .   (no shield)
rNeg    + . .      Spirit   +   b - +0 robe
rPois   .          Reflect  .   (helmet restricted)
rElec   .          Harm     .   c - +0 cloak
rCorr   .          Rampage  .   (gloves unavailable)
Will    +....                   (boots unavailable)
Stlth   +++.......              g - amulet of guardian spirit
HPRegen 0.13/turn               j - ring of protection from fire
MPRegen 0.11/turn               y - ring of positive energy

@: brilliant, very quick
A: very small, no large weapons, unfitting armour, see invisible, speed 3
a: no special abilities


You were on level 6 of the Dungeon.
You visited 1 branch of the dungeon, and saw 6 of its levels.

You collected 213 gold pieces.

Inventory:

Hand Weapons
 a - a +2 dagger (weapon)
Missiles
 n - 117 stones (quivered)
 r - 34 sling bullets
Armour
 b - a +0 robe (worn)
 c - a +0 cloak (worn)
Jewellery
 g - an amulet of guardian spirit (around neck)
 j - a ring of protection from fire (left hand)
 y - a ring of positive energy (right hand)
Wands
 d - a wand of charming (5)
 s - a wand of paralysis (7)
Scrolls
 k - a scroll of torment {unknown}
 l - a scroll of amnesia {unknown}
 m - 4 scrolls of teleportation {unknown}
 o - 3 scrolls of noise {unknown}
 p - a scroll of summoning {unknown}
 q - 2 scrolls of fog {unknown}
 t - a scroll of vulnerability {unknown}
 v - a scroll of blinking {unknown}
 D - 2 scrolls of immolation {unknown}
Potions
 i - 2 potions of degeneration
 w - 2 potions of mutation
 x - a potion of lignification {unknown}
 B - a potion of curing {unknown}
 E - 3 potions of magic


   Skills:
 + Level 2.5 Fighting
 * Level 9.4 Short Blades
 + Level 3.7 Throwing
 - Level 1.3 Dodging
 - Level 5.8 Stealth


You had 7 spell levels left.
You didn't know any spells.
Your spell library contained the following spells:

 Spells                   Type           Power      Damage    Failure   Level
 Ensorcelled Hibernation  Hex/Ice        0%         N/A       43%         2
 Passwall                 Tmut/Erth      0%         N/A       43%         2
 Swiftness                Air            0%         N/A       67%         3


Dungeon Overview and Level Annotations

Branches:
Dungeon (6/15)
 Temple: D:4-7

Altars:
Nemelex Xobeh

Annotations:
D:5 Pikel


Innate Abilities, Weirdness & Mutations

You are very small and have problems with some larger weapons.
You are too small for most types of armour.
You have supernaturally acute eyesight. (SInv)
You cover ground extremely quickly. (Speed+++)


Message History

You hit the gnoll but do no damage.
The gnoll is heavily wounded.
You barely miss the gnoll.
The gnoll is heavily wounded.
The gnoll hits you with a +0 flail!
You hit the gnoll but do no damage.
The gnoll is moderately wounded.
The gnoll sergeant hits you from afar with a +0 spear.
You hit the gnoll.
The gnoll is heavily wounded.
The gnoll misses you.
You hit the gnoll.
The gnoll is almost dead.
The gnoll sergeant hits you from afar with a +0 spear.
The gnoll hits you with a +0 whip!
You hit the gnoll but do no damage. You punch the gnoll.
The gnoll is almost dead.
The gnoll closely misses you.
You hit the gnoll but do no damage.
The gnoll is almost dead.
The gnoll sergeant hits you from afar with a +0 spear.
* * * LOW HITPOINT WARNING * * *
The gnoll barely misses you.
It was a potion of resistance.
You feel protected. The gnoll hits you with a +0 flail!
* * * LOW HITPOINT WARNING * * *
The gnoll sergeant barely misses you. The gnoll misses you.
It was a potion of cancellation.
Your magical effects are unravelling.
You feel magically purged.
Your resistance to elements expires.
The gnoll closely misses you.
The gnoll sergeant completely misses you.
The gnoll hits you with a +0 whip.
* * * LOW HITPOINT WARNING * * *
It was a potion of brilliance.
You feel clever all of a sudden. The gnoll completely misses you.
The gnoll hits you with a +0 whip!
You die...

#((.# #+# #.###
####.##### #(#
###........# #.#
...##.###.# #g#
#.#...##.# #)#
#......#.### #.#
#.###.#........####.#
#........###)#gg@g.(#
#####.######.########
#...<....#
#####.########
......# #######


You could see a gnoll sergeant and 2 gnolls.

Vanquished Creatures
  2 black bears (D:4)
  An ogre (D:5)
  4 lemures
  A scorpion (D:5)
  A water moccasin skeleton (D:4)
  A howler monkey (D:4)
  A jelly (D:5)
  2 orc priests (D:4)
  A bullfrog skeleton (D:4)
  A hound (D:4)
  2 centaur skeletons (D:4)
  2 iguanas
  A gnoll shaman (D:5)
  An orc wizard (D:4)
  Terence (D:2)
  A hound skeleton (D:4)
  10 gnolls
  A howler monkey skeleton (D:4)
  4 adders
  A shadow imp (D:5)
  An adder zombie (D:5)
  An adder skeleton (D:5)
  2 worms (D:2)
  2 dart slugs (D:1)
  7 orcs
  7 ball pythons
  6 bats
  7 endoplasms
  5 giant cockroaches
  9 goblins
  9 hobgoblins
  4 jackals (D:3)
  6 quokkas
  5 frilled lizards
  4 kobolds
  13 rats
127 creatures vanquished.

Vanquished Creatures (others)
  3 plants (D:1)
3 creatures vanquished.

Grand Total: 130 creatures vanquished

Notes
Turn   | Place    | Note
-------+----------+-------------------------------------------
     0 | D:1      | selver the Spriggan Brigand began the quest for the Orb.
     0 | D:1      | Reached XP level 1. HP: 10/10 MP: 2/2
   150 | D:1      | Reached skill level 3 in Short Blades
   157 | D:1      | Reached XP level 2. HP: 14/14 MP: 3/3
   370 | D:1      | Reached XP level 3. HP: 18/18 MP: 4/4
   405 | D:1      | Reached skill level 4 in Short Blades
  1146 | D:2      | Noticed Terence
  1159 | D:2      | Killed Terence
  1160 | D:2      | Reached skill level 5 in Short Blades
  1160 | D:2      | Reached XP level 4. HP: 22/22 MP: 5/5
  2544 | D:3      | Reached XP level 5. HP: 25/25 MP: 6/6
  3105 | D:4      | Reached skill level 6 in Short Blades
  3167 | D:4      | Noticed a black bear
  3169 | D:4      | Killed a black bear
  3170 | D:4      | Reached XP level 6. HP: 30/30 MP: 7/7
  3346 | D:4      | Reached skill level 7 in Short Blades
  3769 | D:4      | Reached skill level 8 in Short Blades
  4277 | D:4      | Reached XP level 7. HP: 33/35 MP: 8/8
  4792 | D:5      | Entered Level 5 of the Dungeon
  4827 | D:5      | Noticed Pikel
  5262 | D:5      | Reached skill level 9 in Short Blades
  5365 | D:5      | Found a sparkling altar of Nemelex Xobeh.
  6622 | D:5      | Reached XP level 8. HP: 21/39 MP: 3/9
  7049 | D:6      | Mangled by a gnoll

Illustrated notes

Levels and vault maps discovered:
D:1:      scummos_arrival_star, layout_basic, serial_bayou_lagoon_a
D:2:      layout_rooms, minmay_puff, uniq_terence
D:3:      layout_basic
D:4:      layout_loops_corners, minmay_increasing_density
D:5:      layout_loops_cross, kennysheep_little_box, uniq_pikel
D:6:      lemuel_insect_pit, layout_loops_corners, minmay_temple_entry_glass,
          serial_shops, nicolae_shop_hallway_plus,
          hangedman_abyss_or_decor_jellyfish_corner

Skill      XL: |  1  2  3  4  5  6  7 |
---------------+----------------------+-----
Short Blades   | 3 5 6 8 9 |  9.4
Fighting       | 2 |  2.5
Throwing       | 3 |  3.7
Dodging        | |  1.3
Stealth        | |  5.8

Action                   |  1- 3 |  4- 6 |  7- 9 || total
-------------------------+-------+-------+-------++-------
Melee: Dagger            |    98 |   221 |   182 ||   501
       Punch             |     1 |     3 |     5 ||     9
Throw: Dart              |    18 |    37 |    27 ||    82
       Stone             |       |     6 |    10 ||    16
  Use: Scroll            |       |     4 |     1 ||     5
       Potion            |       |       |     7 ||     7
 Stab: Sleeping          |     9 |    17 |     3 ||    29
       Distracted        |     1 |       |     2 ||     3
Armor: Robe              |    11 |    25 |    11 ||    47
Dodge: Dodged            |    60 |   127 |    93 ||   280
